 Dungeon Crawl Stone Soup version 0.28-a0-410-gbef64dd269 (webtiles) character file.

Game seed: 13121638306272420975

95 mg7810 the Charlatan (level 4, 0/32 HPs)
             Began as a Demonspawn Artificer on Sept 6, 2021.
             Was a Believer of Fedhas.
             Succumbed to a goblin's poison
             ... on level 2 of the Dungeon.
             The game lasted 00:07:12 (2315 turns).

mg7810 the Charlatan (Demonspawn Artificer)         Turns: 2315, Time: 00:07:13

Health: 0/32       AC: 11    Str: 14    XL:     4   Next: 39%
Magic:  5/5        EV:  5    Int: 12    God:    Fedhas [**....]
Gold:   44         SH:  0    Dex: 13    Spells: 3/3 levels left

rFire   + . .      SeeInvis .   a - +0 club
rCold   + . .      Faith    .   (no shield)
rNeg    . . .      Spirit   .   k - +0 plate armour
rPois   +          Reflect  .   (no helmet)
rElec   +          Harm     .   (no cloak)
rCorr   +          Rampage  .   (no gloves)
Will    .....      Rnd*Tele +   (no boots)
Stlth   ..........              (no amulet)
HPRegen 0.10/turn               (no ring)
MPRegen 0.09/turn               (no ring)

@: mighty, lethally poisoned (0 -> -4), resistant
A: hooves 1, sturdy frame 1, shaggy fur 1, teleportitis 1
a: Renounce Religion, Wall of Briars


You were on level 2 of the Dungeon.
You worshipped Fedhas.
Fedhas was pleased with you.
You visited 1 branch of the dungeon, and saw 2 of its levels.

You collected 44 gold pieces.

Inventory:

Hand Weapons
 a - a +0 club (weapon)
Missiles
 h - 38 poisoned darts (quivered)
Armour
 b - a +0 leather armour
 k - a +0 plate armour (worn)
Wands
 c - a wand of flame (6)
 d - a wand of charming (7)
Scrolls
 f - a scroll of noise {unknown}
 j - a scroll of fear {unknown}
Miscellaneous
 e - a piece from Xom's chessboard (13/15)


   Skills:
 + Level 1.5 Fighting
 * Level 1.4 Maces & Flails
 * Level 0.9 Throwing
 + Level 2.1 Armour
 + Level 1.1 Dodging
 - Level 0.8 Stealth
 * Level 1.1 Unarmed Combat
 * Level 1.3 Invocations
 + Level 3.5 Evocations


You had 3 spell levels left.
You didn't know any spells.
Your spell library contained the following spells:

 Spells                   Type           Power      Damage    Failure   Level
 Slow                     Hex            0%         N/A       100%        2
 Confusing Touch          Hex            0%         N/A       100%        3
 Vampiric Draining        Necr           0%         2d6       100%        3


Dungeon Overview and Level Annotations

Branches:
Dungeon (2/15)

Altars:
Fedhas
Yredelemnul

Shops:
D:1 (

Annotations:
D:2 Natasha


Innate Abilities, Weirdness & Mutations

You have large cloven feet.
Your movements are slightly less encumbered by armour. (ER -2)
You are covered in fur. (AC +1)
You are occasionally teleported next to monsters.


Message History

The shadow imp picks up a beetle and eats it.
Something tries to affect you, but you resist.
The shadow imp gestures at you.
You barely resist. You hit the goblin.
The goblin is moderately wounded.
The goblin hits you with a +1 dagger of venom.
* * * LOW HITPOINT WARNING * * *
The goblin closely misses you.
You closely miss the goblin.
The goblin is moderately wounded.
The goblin hits you but does no damage.
You are lethally poisoned!
Aiming: Charm
Press: ? - help, Shift-Dir - straight line, f - goblin
Aim: a goblin, wielding a +1 dagger of venom (moderately wounded, chance to affect: 73%)
The goblin is charmed.
* * * LOW HITPOINT WARNING * * *
You feel very sick. Something closely misses your goblin.
It was a potion of might.
You feel very mighty all of a sudden.
* * * LOW HITPOINT WARNING * * *
You feel sick.
The shadow imp completely misses your goblin.
Something claws your goblin.
It was a potion of mutation.
You feel extremely strange.
You feel weirdly uncertain. Fur sprouts all over your body.
* * * LOW HITPOINT WARNING * * *
You feel sick.
The shadow imp barely misses your goblin.
Something claws your goblin!
Your goblin dies!
It was a potion of resistance.
You feel protected.
* * * LOW HITPOINT WARNING * * *
You feel sick.
You closely miss the shadow imp.
You die...
Fedhas appreciates your contribution to the ecosystem.

......#.................#
........................#
........................#
........................#
###.#...................#
#.#.†.(...............#
..#..(................#
#.##..........#5##..####
#. #..>.......#@###.#
##..)......#..##.#
##)###.......##.# ##.#
#.......##.##
#..###........#..##
##.##....)........#
#...........##.#.# #
#......<....##...#
#######..._.......###..#


You could see a shadow imp (summoned).

Vanquished Creatures
  Natasha (twice) (D:2)
  An adder (D:2)
  A dart slug (D:1)
  2 endoplasms
  4 hobgoblins
  6 jackals (D:1)
  4 kobolds
  3 ball pythons
  A bat (D:2)
  2 frilled lizards (D:2)
  A rat (D:2)
27 creatures vanquished.

Vanquished Creatures (collateral kills)
  2 endoplasms (D:2)
  A hobgoblin (D:2)
  2 ball pythons (D:1)
  A bat (D:2)
  A goblin (D:1)
7 creatures vanquished.

Vanquished Creatures (others)
  A goblin (D:2)
1 creature vanquished.

Grand Total: 35 creatures vanquished

Notes
Turn   | Place    | Note
-------+----------+-------------------------------------------
     0 | D:1      | mg7810 the Demonspawn Artificer began the quest for the
                  | Orb.
     0 | D:1      | Reached XP level 1. HP: 15/15 MP: 1/1
   519 | D:1      | Gained mutation: You have large cloven feet. [demonic
                  | ancestry]
   519 | D:1      | Reached XP level 2. HP: 6/21 MP: 2/2
   865 | D:1      | Found a faded altar of an unknown god.
   886 | D:1      | Became a worshipper of Fedhas Madash
   886 | D:1      | Reached * piety under Fedhas
  1060 | D:1      | Found Oplaeduocs's Weapon Boutique.
  1227 | D:1      | Reached skill level 1 in Dodging
  1736 | D:2      | Found a basalt altar of Yredelemnul.
  1762 | D:2      | Noticed Natasha
  1768 | D:2      | Killed Natasha
  1768 | D:2      | Noticed Natasha
  1769 | D:2      | Reached skill level 1 in Maces & Flails
  1769 | D:2      | Gained mutation: Your movements are slightly less
                  | encumbered by armour. (ER -2) [demonic ancestry]
  1769 | D:2      | Reached XP level 3. HP: 18/26 MP: 3/3
  1820 | D:2      | Killed Natasha
  1821 | D:2      | Reached skill level 1 in Unarmed Combat
  1821 | D:2      | Reached skill level 1 in Invocations
  1821 | D:2      | Reached XP level 4. HP: 4/32 MP: 4/4
  2254 | D:2      | Noticed Natasha
  2261 | D:2      | Reached ** piety under Fedhas
  2313 | D:2      | Gained mutation: You are occasionally teleported next to
                  | monsters. [potion of mutation]
  2313 | D:2      | Gained mutation: You are covered in fur. (AC +1) [potion of
                  | mutation]
  2315 | D:2      | Succumbed to a goblin's poison

Illustrated notes

Levels and vault maps discovered:
D:1:      erik_arrival_cave_to_civilisation [erik_arrival_cave_to_hall],
          layout_basic, shapermc_ecumenical_altar_notcrosses, serial_shops,
          nicolae_diamond_shop
D:2:      layout_rooms, basic_altar, minmay_increasing_density, uniq_natasha

Skill      XL: |  1  2  3 |
---------------+----------+-----
Dodging        | 1 |  1.1
Maces & Flails | 1 |  1.4
Armour         | 2 |  2.1
Unarmed Combat | 1 |  1.1
Invocations    | 1 |  1.3
Fighting       | |  1.5
Throwing       | |  0.9
Stealth        | |  0.8
Evocations     | |  3.5

Action                   |  1- 3 |  4- 6 || total
-------------------------+-------+-------++-------
Melee: Club              |    81 |    34 ||   115
       Kick              |     8 |     8 ||    16
       Punch             |       |     1 ||     1
Throw: Dart              |       |     7 ||     7
Evoke: Wand              |    10 |     7 ||    17
       Piece from Xom's  |     3 |     2 ||     5
  Use: Potion            |       |     3 ||     3
 Stab: Sleeping          |     1 |       ||     1
       Petrified         |       |     2 ||     2
Armor: Leather armour    |    19 |       ||    19
       Plate armour      |    34 |    37 ||    71
Dodge: Dodged            |    65 |    14 ||    79

Table legend: (Time is in decaauts)
 A = Elapsed time spent in this place.
 B = Non-inter-level travel time spent in this place.
 C = Inter-level travel time spent in this place.
 D = Time resting spent in this place.
 E = Time spent auto-exploring this place.
 F = Levels seen in this place.
 G = Mean time per level.
                   A        B        C        D        E       F      G
               +--------+--------+--------+--------+--------+-----+--------+
         Total |   2357 |   2309 |     48 |     34 |   1859 |   2 | 1178.5 |
       Dungeon |   2357 |   2309 |     48 |     34 |   1859 |   2 | 1178.5 |
               +--------+--------+--------+--------+--------+-----+--------+

Top non-repeatable levels by time:
     D:1: 1757 daAuts
     D:2: 599 daAuts
